 Dungeon Crawl Stone Soup version 0.29.1-1-gd02db6906a (webtiles) character file.

Game seed: 13867260549637194897

312 xian the Chiller (level 6, -1/43 HPs)
             Began as a Merfolk Ice Elementalist on Sept 21, 2022.
             Slain by an orc priest
             ... wielding a +0 trident of protection
              (7 damage)
             ... on level 4 of the Dungeon.
             The game lasted 00:11:09 (3876 turns).

xian the Chiller (Merfolk Ice Elementalist)         Turns: 3876, Time: 00:11:10

Health: -1/43      AC:  7    Str: 11    XL:     6   Next: 42%
Magic:  4/10       EV: 17    Int: 17    God:
Gold:   26         SH:  0    Dex: 14    Spells: 4/11 levels left

rFire   . . .      SeeInvis .   t - +8 dagger of Ipnafuto {vorpal, Str+3}
rCold   . . .      Faith    +   (no shield)
rNeg    . . .      Spirit   .   a - +0 robe
rPois   .          Reflect  .   q - +0 helmet
rElec   .          Harm     .   (no cloak)
rCorr   .          Rampage  .   (no gloves)
Will    .....                   (no boots)
Stlth   ++........              s - amulet of faith
HPRegen 0.14/turn               h - +4 ring of evasion
MPRegen 0.12/turn               i - +4 ring of protection

@: no status effects
A: (nimble swimmer 2), mertail
a: no special abilities


You were on level 4 of the Dungeon.
You visited 1 branch of the dungeon, and saw 4 of its levels.

You collected 222 gold pieces.
You spent 196 gold pieces at shops.

Inventory:

Hand Weapons
 d - a +0 sling
 t - the +8 dagger of Ipnafuto (weapon) {vorpal, Str+3}
   (You bought it in a shop on level 4 of the Dungeon)

   It inflicts extra damage upon your enemies.
   Str:       It affects your strength (+3).
Missiles
 p - 3 boomerangs (quivered)
Armour
 a - a +0 robe (worn)
 q - a +0 helmet (worn)
Magical Staves
 f - a staff of poison
Jewellery
 h - a +4 ring of evasion (left hand)
 i - a +4 ring of protection (right hand)
 k - an amulet of guardian spirit
 s - an amulet of faith (around neck)
Scrolls
 e - a scroll of immolation {unknown}
 j - a scroll of fog {unknown}
 m - a scroll of brand weapon
 n - a scroll of poison {unknown}
 r - a scroll of vulnerability {unknown}
Potions
 b - a potion of magic
 c - a potion of brilliance {unknown}
 g - 2 potions of haste {unknown}
 l - a potion of heal wounds {unknown}
 o - a potion of cancellation {unknown}


   Skills:
 + Level 1.2 Fighting
 + Level 0.1 Staves
 + Level 2.7 Ranged Weapons
 + Level 3.6 Dodging
 + Level 2.7 Stealth
 + Level 3.2 Spellcasting
 + Level 5.5 Ice Magic


You had 4 spell levels left.
You knew the following spells:

 Your Spells              Type           Power      Damage    Failure   Level
a - Freeze                Ice            84%        1d10      1%          1
b - Frozen Ramparts       Ice            42%        1d7       5%          3
c - Ozocubu's Armour      Ice            21%        N/A       5%          3

Your spell library contained the following spells:

 Spells                   Type           Power      Damage    Failure   Level
 Hailstorm                Conj/Ice       12%        3d5       47%         4


Dungeon Overview and Level Annotations

Branches:
Dungeon (4/15)
 Temple: D:4-7

Altars:
Wu Jian

Shops:
D:4 (


Innate Abilities, Weirdness & Mutations

((You are very nimble when in or above water. (Stealth+, EV+, Speed+++)))
Your lower body shifts to a powerful aquatic tail in water.


Message History

Your icy armour cracks and falls away as you move.
The orc priest calls down the wrath of Beogh upon you.
Beogh smites you!
* * * LOW HITPOINT WARNING * * *
Things that are here:
a +0 flail of draining; a +0 leather armour; an orc corpse You barely miss the orc priest.
The orc priest is heavily wounded.
The orc priest barely misses you.
You hit the orc priest but do no damage.
The orc priest is heavily wounded.
The orc priest hits you but does no damage.
You hit the orc priest but do no damage.
The orc priest is heavily wounded.
The orc priest hits you with a +0 trident of protection.
* * * LOW HITPOINT WARNING * * *
You closely miss the orc priest.
The orc priest is heavily wounded.
The orc priest closely misses you.
You hit the orc priest but do no damage.
The orc priest is moderately wounded.
The orc priest begins to cast a cantrip, but forgets the words!
You completely miss the orc priest.
The orc priest is moderately wounded.
The orc priest invokes the aid of Beogh against you.
You barely resist.
Unknown command.
You hit the orc priest.
The orc priest is heavily wounded.
The orc priest barely misses you.
You hit the orc priest but do no damage.
The orc priest is heavily wounded.
The orc priest completely misses you.
You hit the orc priest but do no damage.
The orc priest is heavily wounded.
The orc priest barely misses you.
You hit the orc priest but do no damage.
The orc priest is heavily wounded.
The orc priest hits you with a +0 trident of protection!
You die...

#............########..
#...###).......†........
#.#......###############
...................
....######....##### ...#
###....# ... #......# .
####......#######
.....(....)o@...#
####...########.#
........ # .......
....... .)...o. ....#.#
....#.


You could see an orc priest.

Vanquished Creatures
  A howler monkey (D:3)
  A jelly (D:3)
  Robin (D:3)
  6 adders
  7 gnolls
  An ufetubus (D:4)
  2 worms
  A dart slug (D:2)
  7 orcs
  8 bats
  6 endoplasms
  5 giant cockroaches
  11 goblins
  8 hobgoblins
  3 jackals (D:1)
  10 kobolds
  3 quokkas
  5 ball pythons
  5 frilled lizards
  5 rats
96 creatures vanquished.

Notes
Turn   | Place    | Note
-------+----------+-------------------------------------------
     0 | D:1      | xian the Merfolk Ice Elementalist began the quest for the
                  | Orb.
     0 | D:1      | Reached XP level 1. HP: 13/13 MP: 3/3
   166 | D:1      | Reached XP level 2. HP: 4/19 MP: 5/5
   819 | D:1      | Found a faded altar of an unknown god.
   911 | D:1      | Reached XP level 3. HP: 12/24 MP: 3/6
   915 | D:1      | Learned a level 3 spell: Frozen Ramparts
  1144 | D:1      | Reached skill level 5 in Ice Magic
  1798 | D:2      | Reached XP level 4. HP: 6/31 MP: 2/7
  2244 | D:2      | Learned a level 3 spell: Ozocubu's Armour
  2519 | D:2      | Reached skill level 1 in Ranged Weapons
  2832 | D:3      | Reached skill level 1 in Fighting
  2832 | D:3      | Reached XP level 5. HP: 37/37 MP: 2/9
  3000 | D:3      | Found an ornate altar of the Wu Jian Council.
  3286 | D:3      | Noticed Robin
  3294 | D:3      | Reached XP level 6. HP: 40/43 MP: 0/10
  3298 | D:3      | Killed Robin
  3746 | D:4      | Found Gial's Antique Weapon Shop.
  3749 | D:4      | Bought a masterwork dagger for 196 gold pieces
  3749 | D:4      | Identified the +8 dagger of Ipnafuto {vorpal, Str+3} (You
                  | bought it in a shop on level 4 of the Dungeon)
  3876 | D:4      | Slain by an orc priest

Illustrated notes

Levels and vault maps discovered:
D:1:      saegor_arrival_fortress, layout_basic, ebering_ecumenical_altar_hall,
          nrook_campfire
D:2:      layout_rooms
D:3:      minmay_evil_eye, layout_loops_ring, lemuel_round_altar, uniq_robin
D:4:      layout_basic, worldfamousw_hep_ancestral_shrine,
          minmay_temple_entry_proselytizer, minmay_misc_feat_rugged,
          nicolae_stop_n_shop_2, nrook_mini_vaults, uniq_eustachio,
          uniq_crazy_yiuf_cottage

Skill      XL: |  1  2  3  4  5 |
---------------+----------------+-----
Ice Magic      | 5 |  5.5
Dodging        | 3 |  3.6
Ranged Weapons | 1 2 |  2.7
Fighting       | 1 |  1.2
Spellcasting   | 3 |  3.2
Staves         | |  0.1
Stealth        | |  2.7

Action                   |  1- 3 |  4- 6 || total
-------------------------+-------+-------++-------
Melee: Unarmed           |     6 |       ||     6
       Staff             |    29 |       ||    29
       Tailslap          |     2 |       ||     2
       Dagger            |       |    26 ||    26
 Fire: Sling             |    18 |   158 ||   176
Throw: Boomerang         |       |    14 ||    14
 Cast: Freeze            |    31 |    13 ||    44
       Frozen Ramparts   |     2 |     8 ||    10
       Ozocubu's Armour  |       |     3 ||     3
  Use: Scroll            |       |     2 ||     2
 Stab: Sleeping          |     1 |       ||     1
Armor: Robe              |    20 |    22 ||    42
Dodge: Dodged            |    89 |   113 ||   202
